 Dungeon Crawl Stone Soup version 0.30-a0-347-gf58ed5266c (webtiles) character file.

Game seed: 11310100644097992773

8801 purpskrrrp the Cleaver (level 11, -8/89 HPs)
             Began as a Demonspawn Fighter on Nov 5, 2022.
             Was a Believer of Qazlal.
             Mangled by a death yak (25 damage)
             ... on level 9 of the Dungeon.
             The game lasted 00:23:29 (9703 turns).

purpskrrrp the Cleaver (Demonspawn Fighter)         Turns: 9703, Time: 00:23:29

Health: -8/89      AC:  9    Str: 20    XL:     11   Next: 14%
Magic:  11/11      EV: 20    Int: 10    God:    Qazlal [**....]
Gold:   498        SH:  9    Dex: 17    Spells: 10/10 levels left

rFire   . . .      SeeInvis .    a - +0 war axe
rCold   . . .      Faith    .    c - +0 buckler
rNeg    . . .      Spirit   .    b - +0 scale mail
rPois   .          Reflect  .    t - +0 helmet
rElec   .          Harm     .    f - +0 cloak
rCorr   .          Rampage  .    (no gloves)
Will    .....                    (no boots)
Stlth   ++........               B - amulet of magic regeneration
HPRegen 0.34/turn                q - +4 ring of evasion
MPRegen 0.52/turn                w - +4 ring of evasion

@: no status effects
A: thin skeletal structure 2, ignite blood 2, demonic magic 1, demonic touch 2,
subdued magic 1, MP-powered wands
a: Renounce Religion, Upheaval


You were on level 9 of the Dungeon.
You worshipped Qazlal.
Qazlal was pleased with you.
You visited 2 branches of the dungeon, and saw 11 of its levels.

You collected 640 gold pieces.
You spent 142 gold pieces at shops.

Inventory:

Hand Weapons
 a - a +0 war axe (weapon)
Armour
 b - a +0 scale mail (worn)
 c - a +0 buckler (worn)
 f - a +0 cloak (worn)
 t - a +0 helmet (worn)
 x - the +2 robe "Irabbirchoi" {rPois rF+ Stlth+}
   (You bought it in a shop on level 7 of the Dungeon)

   rF:        It protects you from fire.
   rPois:     It protects you from poison.
   Stlth:     It makes you more stealthy.
Jewellery
 q - a +4 ring of evasion (left hand)
 w - a +4 ring of evasion (right hand)
 y - a ring of willpower
 B - an amulet of magic regeneration (around neck)
Wands
 h - a wand of flame (7)
 r - a wand of polymorph (5)
 C - a wand of light (15)
 E - a wand of digging (2)
Scrolls
 d - 2 scrolls of enchant armour {unknown}
 e - 3 scrolls of amnesia
 l - 3 scrolls of vulnerability
 m - 2 scrolls of fog
 A - a scroll of magic mapping
Potions
 g - a potion of magic {unknown}
 i - 2 potions of cancellation
 j - a potion of brilliance {unknown}
 k - a potion of lignification
 n - 6 potions of curing
 o - 4 potions of flight
 p - 2 potions of degeneration
 s - a potion of resistance {unknown}
 u - 2 potions of invisibility {unknown}


   Skills:
 + Level 9.0 Fighting
 * Level 11.0 Axes
 - Level 5.2 Armour
 + Level 6.0 Dodging
 - Level 5.2 Shields


You had 10 spell levels left.
You didn't know any spells.
Your spell library contained the following spells:

 Spells                   Type           Power      Damage    Failure   Level
 Beastly Appendage        Tmut           0%         N/A       75%         1
 Magic Dart               Conj           0%         1d3       75%         1
 Call Imp                 Summ           0%         N/A       87%         2
 Wereblood                Tmut           0%         N/A       87%         2
 Gell's Gravitas          Tloc           0%         N/A       98%         3
 Lesser Beckoning         Tloc           0%         N/A       98%         3
 Mephitic Cloud           Conj/Pois/Air  0%         N/A       98%         3
 Spider Form              Tmut/Pois      0%         N/A       98%         3
 Teleport Other           Tloc           0%         N/A       98%         3
 Tukima's Dance           Hex            0%         N/A       98%         3
 Passage of Golubria      Tloc           0%         N/A       100%        4
 Yara's Violent Unravell  Hex/Tmut       0%         3d3       100%        5


Dungeon Overview and Level Annotations

Branches:
Dungeon (10/15)            Temple (1/1) D:4             Orc (0/2) D:9
   Lair: D:8-11

Altars:
Ashenzari
Dithmenos
Fedhas
Gozag
Hepliaklqana
Makhleb
Qazlal
Sif Muna
Trog
Uskayaw
Vehumet
Wu Jian
Xom
Yredelemnul

Shops:
D:7 [

Annotations:
D:6 2 transporters, drewk1942's ghost, novice TeFE


Innate Abilities, Weirdness & Mutations

You have a moderately thin skeletal structure. (Dex +4, Stealth++)
Your demonic aura often causes spilled blood to erupt in flames.
Spells you cast may paralyse adjacent enemies.
Your touch may inflict irresistible damage on your foes.
Your spells are a little easier to cast, but a little less powerful.
You expend magic power (3 MP) to strengthen your wands.


Message History

Your Fighting skill increases to level 9!
Your Axes skill increases to level 11!
Your Dodging skill increases to level 6!
You see here a death yak corpse.
You start resting.
HP restored.
There is a stone staircase leading down, spattered with blood here.
You climb downwards.
You block the death yak's attack. The death yak misses you.
The death yak barely misses you.
There is a stone staircase leading up here.
You hit the death yak but do no damage. You hit the death yak. x2
The death yak is engulfed in blazing flames.
You block the death yak's attack. The death yak gores you!!
The death yak gores you.
You hit the death yak but do no damage. x3; The death yak gores you!!
The death yak is engulfed in blazing flames.
The death yak gores you. The death yak completely misses you.
You hit the death yak but do no damage. You hit the death yak. x2
The death yak is engulfed in blazing flames.
The death yak barely misses you. x2; The death yak gores you!
As you read the scroll of fog, it crumbles to dust.
The scroll dissolves into smoke.
The death yak is engulfed in blazing flames.
The death yak barely misses you.
The death yak is engulfed in blazing flames.
The death yak misses you.
The death yak is engulfed in blazing flames.
The death yak barely misses you.
The death yak is engulfed in blazing flames.
The death yak misses you.
The death yak is engulfed in blazing flames.
The death yak closely misses you.
The death yak is engulfed in blazing flames.
The death yak gores you!
* * * LOW HITPOINT WARNING * * *
You climb upwards.
There is a stone staircase leading down, spattered with blood here.
Okay, then.
The death yak attacks as you move away! The death yak gores you!!
You die...

## ########################### .#
#.............##.........)####
.###......>......#†.........)).).
............................)###.
####.............##..........# ##
#.......)...Y.######.###### #
#...........Y@# #.#
#............Y# #.#
###########.### #.# ### #......#
#.# ..# ###'####### #.# ..#
#.........#######.# ..###
#.........'....##.#########
..'.###.........####.............
..#...'.........# ####.#########


You could see 3 death yaks.

Vanquished Creatures
  A two-headed ogre (D:9)
  4 death yaks
  An unseen horror (D:5)
  A hornet (D:8)
  A shadow (D:9)
  3 yaks (D:9)
  A wraith (D:9)
  3 steam dragons
  Menkaure (D:4)
  An acid dragon (D:9)
  7 orc warriors
  3 sky beasts
  2 black bears
  7 centaurs
  A kobold brigand (D:8)
  3 necrophages
  3 scorpions
  3 wights (D:8)
  7 howler monkeys
  4 hounds
  A quasit (D:8)
  3 gnoll boudas
  5 orc priests
  A jelly (D:6)
  4 iguanas
  7 orc wizards
  8 adders
  12 gnolls
  A shadow imp (D:5)
  2 white imps
  4 worms
  6 dart slugs
  36 orcs
  11 endoplasms
  2 giant cockroaches
  5 goblins
  5 hobgoblins
  10 jackals
  5 quokkas
  2 ball pythons
  7 bats
  6 frilled lizards (D:1)
  2 goblin skeletons (D:8)
  A goblin zombie (D:8)
  A hobgoblin zombie (D:8)
  12 kobolds
  3 orc skeletons (D:8)
  2 orc zombies (D:8)
  6 rats
227 creatures vanquished.

Vanquished Creatures (collateral kills)
  A death yak (D:10)
1 creature vanquished.

Vanquished Creatures (others)
  A sky beast (D:7)
  A kobold (D:8)
2 creatures vanquished.

Grand Total: 230 creatures vanquished

Notes
Turn   | Place    | Note
-------+----------+-------------------------------------------
     0 | D:1      | purpskrrrp the Demonspawn Fighter began the quest for the
                  | Orb.
     0 | D:1      | Reached XP level 1. HP: 18/18 MP: 1/1
   116 | D:1      | Reached skill level 2 in Axes
   116 | D:1      | Gained mutation: You have a somewhat thin skeletal
                  | structure. (Dex +2, Stealth+) [demonic ancestry]
   116 | D:1      | Reached XP level 2. HP: 19/24 MP: 2/2
   558 | D:1      | Gained mutation: Your demonic aura sometimes causes spilled
                  | blood to erupt in flames. [demonic ancestry]
   558 | D:1      | Reached XP level 3. HP: 26/29 MP: 3/3
   895 | D:2      | Reached XP level 4. HP: 31/35 MP: 4/4
  1128 | D:2      | Found a faded altar of an unknown god.
  1525 | D:3      | Reached skill level 3 in Axes
  1967 | D:3      | Found a hide-covered altar of Uskayaw.
  2204 | D:3      | Reached XP level 5. HP: 42/42 MP: 5/5
  2642 | D:4      | Gained mutation: You have a moderately thin skeletal
                  | structure. (Dex +4, Stealth++) [demonic ancestry]
  2642 | D:4      | Reached XP level 6. HP: 48/48 MP: 6/6
  2764 | D:4      | Found a staircase to the Ecumenical Temple.
  2781 | D:4      | Reached skill level 4 in Axes
  2891 | Temple   | Entered the Ecumenical Temple
  3215 | Temple   | Became a worshipper of Qazlal Stormbringer
  3300 | D:4      | Noticed Menkaure
  3302 | D:4      | Gained mutation: Your spells are a little easier to cast,
                  | but a little less powerful. [potion of mutation]
  3302 | D:4      | Gained mutation: You expend magic power (3 MP) to
                  | strengthen your wands. [potion of mutation]
  3307 | D:4      | Killed Menkaure
  3969 | D:5      | Entered Level 5 of the Dungeon
  3977 | D:5      | Gained mutation: Your demonic aura often causes spilled
                  | blood to erupt in flames. [demonic ancestry]
  3977 | D:5      | Reached XP level 7. HP: 45/55 MP: 7/7
  4242 | D:5      | Reached skill level 5 in Axes
  4303 | D:5      | Killed an unseen horror
  4304 | D:5      | Reached skill level 5 in Fighting
  4304 | D:5      | Reached XP level 8. HP: 13/62 MP: 8/8
  4800 | D:5      | Reached * piety under Qazlal
  4968 | D:6      | Found a transporter.
  4971 | D:6      | Noticed drewk1942's ghost (novice TeFE)
  4972 | D:6      | Found a transporter.
  4974 | D:6      | Identified the +3 dire flail "Huimal" {elec, rC+ Str+4
                  | SInv}
  4974 | D:6      | Noticed a two-headed ogre
  5005 | D:6      | Reached skill level 6 in Axes
  5139 | D:6      | Reached skill level 5 in Armour
  5246 | D:6      | Reached skill level 5 in Shields
  5829 | D:7      | Found Zimir's Antique Armour Boutique.
  5867 | D:7      | Reached skill level 1 in Dodging
  5877 | D:7      | Reached skill level 7 in Axes
  5949 | D:7      | Bought a steaming robe for 142 gold pieces
  5949 | D:7      | Identified the +2 robe "Irabbirchoi" {rPois rF+ Stlth+}
                  | (You bought it in a shop on level 7 of the Dungeon)
  5995 | D:7      | Gained mutation: Your touch may inflict minor irresistible
                  | damage on your foes. [demonic ancestry]
  5995 | D:7      | Reached XP level 9. HP: 69/69 MP: 9/9
  6850 | D:8      | Found an opulent altar of Gozag.
  7140 | D:8      | Reached ** piety under Qazlal
  7184 | D:8      | Reached skill level 8 in Axes
  8303 | D:9      | Noticed a two-headed ogre
  8314 | D:9      | Killed a two-headed ogre
  8315 | D:9      | Reached skill level 9 in Axes
  8315 | D:9      | Gained mutation: Your touch may inflict irresistible damage
                  | on your foes. [demonic ancestry]
  8315 | D:9      | Reached XP level 10. HP: 44/79 MP: 10/10
  8637 | D:9      | Found a staircase to the Orcish Mines.
  9163 | D:9      | Reached skill level 5 in Dodging
  9167 | D:9      | Reached skill level 10 in Axes
  9347 | D:10     | Entered Level 10 of the Dungeon
  9412 | D:10     | Noticed a death yak
  9419 | D:10     | Noticed a death yak
  9420 | D:10     | Noticed a death yak
  9422 | D:10     | Noticed a death yak
  9424 | D:10     | Noticed a death yak
  9425 | D:10     | Noticed a death yak
  9426 | D:10     | Noticed a death yak
  9432 | D:10     | Noticed a death yak
  9432 | D:10     | Killed a death yak
  9434 | D:10     | Noticed a death yak
  9437 | D:10     | Killed a death yak
  9471 | D:10     | Killed a death yak
  9490 | D:9      | Killed a death yak
  9491 | D:9      | Gained mutation: Spells you cast may paralyse adjacent
                  | enemies. [demonic ancestry]
  9491 | D:9      | Reached XP level 11. HP: 22/87 MP: 11/11
  9493 | D:9      | Killed a death yak
  9494 | D:9      | Reached skill level 11 in Axes
  9703 | D:9      | Mangled by a death yak

Illustrated notes

Levels and vault maps discovered:
D:1:      eino_arrival_tree_alley, layout_loops_ring
D:2:      layout_basic, shapermc_ecumenical_altar_acropolis,
          nicolae_kite_square_tiling_tiny, st_stairs_8
D:3:      minmay_inner_zag, layout_loops_ring, eat_drink_and_be_merry_uskayaw
D:4:      layout_loops_corners, minmay_temple_entry_large_hall, uniq_menkaure
D:5:      minmay_chambers_of_fours, layout_basic
D:6:      layout_basic, gammafunk_ghost_smash, minmay_misc_feat_rugged,
          kennysheep_generic_room_9
D:7:      layout_loops_ring, mainiacjoe_overflow_concentric_impassable,
          serial_shops, nicolae_stop_n_shop_2, kennysheep_flooded_box
D:8:      layout_basic, grunt_temple_overflow_gold_and_silver,
          nicolae_tso_besieged_by_evil, grunt_decor_arrowhead
D:9:      layout_roguey, david_orc_4, dreamdust_princess_corridor
D:10:     layout_long_grid, lemuel_tele_altar,
          nicolae_ru_great_annihilating_truth,
          chequers_temple_overflow_statue_of_worship, dpeg_lair_monsters,
          water_boxes_lemuel
Temple:   minmay_temple_forest_path

Skill      XL: |  1  2  3  4  5  6  7  8  9 10 11 |
---------------+----------------------------------+-----
Axes           | 2 3 4 5 7 9 10 11 | 11.0
Armour         | 3 4 5 |  5.2
Shields        | 3 4 5 |  5.2
Fighting       | 4 5 6 7 8 9 |  9.0
Dodging        | 1 4 5 6 |  6.0

Action                   |  1- 3 |  4- 6 |  7- 9 | 10-12 || total
-------------------------+-------+-------+-------+-------++-------
Melee: War axe           |    99 |   137 |   284 |   142 ||   662
  Use: Scroll            |     3 |     9 |     8 |     4 ||    24
       Potion            |       |     2 |     7 |     2 ||    11
 Stab: Sleeping          |       |     4 |     5 |       ||     9
Armor: Scale mail        |    53 |    51 |   109 |    26 ||   239
Dodge: Dodged            |    61 |    47 |   256 |    82 ||   446
Block: Buckler           |    30 |    36 |   157 |    47 ||   270

Table legend: (Time is in decaauts)
 A = Elapsed time spent in this place.
 B = Non-inter-level travel time spent in this place.
 C = Inter-level travel time spent in this place.
 D = Time resting spent in this place.
 E = Time spent auto-exploring this place.
 F = Levels seen in this place.
 G = Mean time per level.
                   A        B        C        D        E       F      G
               +--------+--------+--------+--------+--------+-----+--------+
         Total |   9865 |   9430 |    435 |   1156 |   6577 |  11 |  896.8 |
       Dungeon |   9497 |   9128 |    369 |   1156 |   6289 |  10 |  949.7 |
        Temple |    367 |    301 |     66 |      0 |    288 |   1 |  367.0 |
               +--------+--------+--------+--------+--------+-----+--------+

Top non-repeatable levels by time:
     D:4: 1337 daAuts
     D:7: 1304 daAuts
     D:9: 1289 daAuts
     D:8: 1150 daAuts
     D:3: 989 daAuts
     D:6: 885 daAuts
     D:5: 883 daAuts
     D:2: 789 daAuts
     D:1: 727 daAuts
  Temple: 367 daAuts
    D:10: 139 daAuts
